 Dungeon Crawl Stone Soup version 0.28.0-45-g0d030f2227 (webtiles) character file.

Game seed: 5203091240754659484

5028 DearestLeader the Blocker (level 10, -12/123 HPs)
             Began as a Gnoll Fighter on Apr 21, 2022.
             Was an Elder of Okawaru.
             Mangled by a komodo dragon (13 damage)
             ... on level 9 of the Dungeon.
             The game lasted 00:13:33 (9394 turns).

DearestLeader the Blocker (Gnoll Fighter)           Turns: 9394, Time: 00:13:34

Health: -12/123    AC: 19    Str: 19    XL:     10   Next: 55%
Magic:  18/18      EV:  7    Int:  8    God:    Okawaru [****..]
Gold:   505        SH:  7    Dex: 12    Spells: 16/19 levels left

rFire   . . .      SeeInvis .   v - +0 broad axe
rCold   . . .      Faith    .   c - +1 buckler
rNeg    . . .      Spirit   .   a - +0 plate armour
rPois   .          Reflect  .   o - +2 hat
rElec   .          Harm     .   (no cloak)
rCorr   .          Rampage  .   (no gloves)
Will    .....                   (no boots)
Stlth   ..........              (no amulet)
HPRegen 0.30/turn               u - +4 ring of protection
MPRegen 0.16/turn               (no ring)

@: berserking, very quick
A: fangs 1, strong nose, distributed training
a: Renounce Religion, Heroism, Finesse


You were on level 9 of the Dungeon.
You worshipped Okawaru.
Okawaru was greatly pleased with you.
You visited 2 branches of the dungeon, and saw 10 of its levels.

You collected 505 gold pieces.

Inventory:

Hand Weapons
 g - a +2 dagger of draining
 k - a +1 spear of venom
 v - a +0 broad axe (weapon)
 x - a +1 whip of electrocution
 A - a +0 whip of venom
Missiles
 b - 4 silver javelins (quivered)
 f - a throwing net
 s - 26 poisoned darts
 y - a curare-tipped dart
Armour
 a - a +0 plate armour (worn)
 c - a +1 buckler (worn)
 o - a +2 hat (worn)
Jewellery
 u - a +4 ring of protection (left hand)
Wands
 i - a wand of paralysis (12)
 r - a wand of iceblast (15)
 t - a wand of flame (21)
 z - a wand of acid (12)
Scrolls
 d - 2 scrolls of fear
 h - 2 scrolls of fog
 j - a scroll of holy word {unknown}
 n - a scroll of silence {unknown}
 p - 3 scrolls of teleportation
 q - 2 scrolls of blinking
 w - a scroll of magic mapping {unknown}
 D - a scroll of noise {unknown}
 E - a scroll of vulnerability {unknown}
Potions
 e - 2 potions of flight
 l - a potion of curing
 m - a potion of brilliance
 B - a potion of lignification
 C - a potion of berserk rage
 F - 2 potions of degeneration {unknown}


   Skills:
 + Level 8.6 Fighting
 + Level 5.4 Short Blades
 + Level 5.4 Long Blades
 + Level 7.1 Axes
 + Level 5.4 Maces & Flails
 + Level 5.4 Polearms
 + Level 5.4 Staves
 + Level 5.4 Slings
 + Level 5.4 Bows
 + Level 5.4 Crossbows
 + Level 5.4 Throwing
 + Level 8.6 Armour
 + Level 5.4 Dodging
 + Level 5.4 Stealth
 + Level 8.6 Shields
 + Level 5.4 Unarmed Combat
 + Level 5.4 Spellcasting
 + Level 4.4 Conjurations
 + Level 4.4 Hexes
 + Level 4.4 Summonings
 + Level 4.4 Necromancy
 + Level 4.4 Translocations
 + Level 4.4 Transmutations
 + Level 4.4 Fire Magic
 + Level 4.4 Ice Magic
 + Level 4.4 Air Magic
 + Level 4.4 Earth Magic
 + Level 4.4 Poison Magic
 + Level 5.9 Invocations
 + Level 5.4 Evocations


You had 16 spell levels left.
You knew the following spells:

 Your Spells              Type           Power      Damage    Failure   Level
a - Mephitic Cloud        Conj/Pois/Air  9%         N/A       97%         3

Your spell library contained the following spells:

 Spells                   Type           Power      Damage    Failure   Level
 Ignite Poison            Fire/Tmut/Pois 9%         N/A       97%         3
 Freezing Cloud           Conj/Ice/Air   4%         6-21      100%        5


Dungeon Overview and Level Annotations

Branches:
Dungeon (9/15)             Temple (1/1) D:4
   Lair: D:8-11         Orc: D:9-12

Altars:
Ashenzari
Cheibriados
Dithmenos
Elyvilon
Fedhas
Hepliaklqana
Kikubaaqudgha
Makhleb
Okawaru
Qazlal
Ru
Sif Muna
Trog
Uskayaw
Vehumet
Wu Jian
Xom
Yredelemnul
Zin
The Shining One

Shops:
D:6 *   D:7 ?   D:8 !


Innate Abilities, Weirdness & Mutations

You have very sharp teeth.
Your uncanny sense of smell can sniff out nearby items.
Your experience applies equally to all skills.


Message History

The komodo dragon bites you. The komodo dragon bites you!!
You closely miss the komodo dragon.
The komodo dragon is lightly wounded.
The komodo dragon bites you.
You hit the komodo dragon.
You bite the komodo dragon, but do no damage.
The komodo dragon is moderately wounded.
The iguana hisses menacingly.
The komodo dragon barely misses you.
You hit the komodo dragon. Your bite misses the komodo dragon.
The komodo dragon is moderately wounded.
The komodo dragon bites you!
You slash the komodo dragon!
The komodo dragon is heavily wounded.
The komodo dragon closely misses you. The komodo dragon bites you.
You hit the komodo dragon.
You bite the komodo dragon, but do no damage.
The komodo dragon is heavily wounded.
The komodo dragon barely misses you.
You hit the komodo dragon but do no damage.
The komodo dragon is heavily wounded.
The komodo dragon bites you.
You hit the komodo dragon but do no damage.
The komodo dragon is heavily wounded.
The komodo dragon bites you!
You hit the komodo dragon but do no damage.
The komodo dragon is heavily wounded.
The komodo dragon closely misses you. The komodo dragon bites you!
* * * LOW HITPOINT WARNING * * *
A red film seems to cover your vision as you go berserk!
You feel yourself moving faster!
You feel mighty! The komodo dragon bites you!
* * * LOW HITPOINT WARNING * * *
You are too berserk!
You slash the komodo dragon!
The komodo dragon is severely wounded.
You block the komodo dragon's attack.
You closely miss the komodo dragon.
The komodo dragon is severely wounded.
The komodo dragon bites you!
You die...

#.<# #....#.....# #..#
#....#.....# ...#
#....#.....#
...########+#....#.....#
.................#.....#
........########.#.....#
........# #.'.....#
........# #.#....##
........# #@#>...#
........# #l#....#
........ ll#+##+#
####....


lll. # .. ..#.. # ...#... P..P#... ##P. #...? You could see a komodo dragon, 3
iguanas and 2 frilled lizards.

Vanquished Creatures
  Pikel (D:4)
  Joseph (D:7)
  A hornet (D:7)
  Grinder (D:5)
  Prince Ribbit (D:6)
  A vampire (D:8)
  A wyvern (D:8)
  A steam dragon (D:6)
  Edmund (D:5)
  Menkaure (D:5)
  4 water moccasins
  3 orc warriors
  2 sky beasts (D:6)
  3 ogres
  2 black bears
  3 necrophages
  2 centaurs (D:7)
  A lemure (D:4)
  2 kobold brigands
  A bullfrog (D:6)
  2 scorpions
  A water moccasin skeleton (D:7)
  2 howler monkeys (D:7)
  7 hounds
  3 centaur zombies
  A jelly (D:5)
  A bullfrog skeleton (D:5)
  2 orc priests (D:6)
  3 gnoll shamans
  2 iguanas (D:5)
  2 hound skeletons
  9 gnolls
  6 adders
  2 ufetubi
  A worm (D:2)
  3 dart slugs (D:2)
  14 orcs
  8 endoplasms
  2 giant cockroaches
  9 goblins
  10 hobgoblins
  19 kobolds
  2 quokkas
  11 ball pythons
  2 bats (D:1)
  4 frilled lizards
  2 rats
163 creatures vanquished.

Vanquished Creatures (others)
  3 fungi (D:3)
3 creatures vanquished.

Grand Total: 166 creatures vanquished

Notes
Turn   | Place    | Note
-------+----------+-------------------------------------------
     0 | D:1      | DearestLeader the Gnoll Fighter began the quest for the
                  | Orb.
     0 | D:1      | Reached XP level 1. HP: 23/23 MP: 1/1
   360 | D:1      | Reached XP level 2. HP: 29/29 MP: 2/2
   403 | D:1      | You fall into a shaft and drop 1 floor!
   494 | D:2      | Found a hazy altar of Hepliaklqana.
   510 | D:2      | Reached XP level 3. HP: 32/35 MP: 3/3
   588 | D:2      | Reached skill level 1 in Invocations
   616 | D:2      | Reached skill level 1 in Short Blades
   616 | D:2      | Reached skill level 1 in Long Blades
   616 | D:2      | Reached skill level 1 in Maces & Flails
   616 | D:2      | Reached skill level 1 in Polearms
   616 | D:2      | Reached skill level 1 in Staves
   616 | D:2      | Reached skill level 1 in Slings
   616 | D:2      | Reached skill level 1 in Bows
   616 | D:2      | Reached skill level 1 in Crossbows
   616 | D:2      | Reached skill level 1 in Throwing
   616 | D:2      | Reached skill level 1 in Dodging
   616 | D:2      | Reached skill level 1 in Stealth
   616 | D:2      | Reached skill level 1 in Unarmed Combat
   616 | D:2      | Reached skill level 1 in Spellcasting
   616 | D:2      | Reached skill level 1 in Evocations
   687 | D:2      | Reached XP level 4. HP: 40/40 MP: 5/5
  1207 | D:1      | Found a faded altar of an unknown god.
  1980 | D:2      | Reached skill level 1 in Conjurations
  1980 | D:2      | Reached skill level 1 in Hexes
  1980 | D:2      | Reached skill level 1 in Summonings
  1980 | D:2      | Reached skill level 1 in Necromancy
  1980 | D:2      | Reached skill level 1 in Translocations
  1980 | D:2      | Reached skill level 1 in Transmutations
  1980 | D:2      | Reached skill level 1 in Fire Magic
  1980 | D:2      | Reached skill level 1 in Ice Magic
  1980 | D:2      | Reached skill level 1 in Air Magic
  1980 | D:2      | Reached skill level 1 in Earth Magic
  1980 | D:2      | Reached skill level 1 in Poison Magic
  2037 | D:3      | Found a blossoming altar of Fedhas.
  2229 | D:3      | Found a shimmering blue altar of Sif Muna.
  2252 | D:3      | Noticed a necrophage
  2266 | D:3      | Killed a necrophage
  2267 | D:3      | Reached XP level 5. HP: 33/47 MP: 5/7
  2701 | D:3      | Found a faded altar of an unknown god.
  2705 | D:3      | Found a snail-covered altar of Cheibriados.
  2741 | D:3      | Noticed a water moccasin
  2757 | D:3      | Killed a water moccasin
  2758 | D:3      | Reached XP level 6. HP: 34/53 MP: 8/8
  2962 | D:4      | Reached skill level 5 in Axes
  3022 | D:4      | Noticed Pikel
  3063 | D:4      | Killed Pikel
  3064 | D:4      | Reached XP level 7. HP: 13/60 MP: 8/11
  3352 | D:4      | Found a staircase to the Ecumenical Temple.
  3359 | Temple   | Entered the Ecumenical Temple
  3499 | Temple   | Became a worshipper of Warmaster Okawaru
  3524 | D:4      | Reached XP level 8. HP: 61/67 MP: 12/12
  3824 | D:5      | Entered Level 5 of the Dungeon
  4198 | D:5      | Reached * piety under Okawaru
  4311 | D:5      | Noticed Edmund
  4325 | D:5      | Killed Edmund
  4429 | D:5      | Noticed Menkaure
  4437 | D:5      | Killed Menkaure
  4774 | D:5      | Reached ** piety under Okawaru
  4825 | D:5      | Reached XP level 9. HP: 64/72 MP: 14/14
  4905 | D:5      | Noticed Grinder
  4913 | D:5      | Killed Grinder
  5223 | D:6      | Found an ornate altar of the Wu Jian Council.
  5780 | D:6      | Identified the +1 robe of Life {*Slow +Blink Dex+7}
  5784 | D:6      | Noticed Prince Ribbit
  5793 | D:6      | Killed Prince Ribbit
  5839 | D:6      | Found Avipru's Assorted Antiques.
  6018 | D:6      | Reached skill level 5 in Invocations
  6172 | D:6      | Reached *** piety under Okawaru
  6477 | D:6      | Reached XP level 10. HP: 80/80 MP: 17/17
  6724 | D:7      | Noticed Joseph
  6766 | D:7      | Killed Joseph
  6767 | D:7      | Reached skill level 5 in Short Blades
  6767 | D:7      | Reached skill level 5 in Long Blades
  6767 | D:7      | Reached skill level 5 in Maces & Flails
  6767 | D:7      | Reached skill level 5 in Polearms
  6767 | D:7      | Reached skill level 5 in Staves
  6767 | D:7      | Reached skill level 5 in Slings
  6767 | D:7      | Reached skill level 5 in Bows
  6767 | D:7      | Reached skill level 5 in Crossbows
  6767 | D:7      | Reached skill level 5 in Throwing
  6767 | D:7      | Reached skill level 5 in Dodging
  6767 | D:7      | Reached skill level 5 in Stealth
  6767 | D:7      | Reached skill level 5 in Unarmed Combat
  6767 | D:7      | Reached skill level 5 in Spellcasting
  6767 | D:7      | Reached skill level 5 in Evocations
  6949 | D:7      | Found a stormy altar of Qazlal.
  7121 | D:7      | Paralysed by a hornet for 3 turns
  7449 | D:7      | Found Dirchacs's Magic Scroll Shoppe.
  8228 | D:7      | Learned a level 3 spell: Mephitic Cloud
  8884 | D:8      | Reached **** piety under Okawaru
  9023 | D:8      | Found Ruackek's Distillery.
  9215 | D:8      | Found a shadowy altar of Dithmenos.
  9392 | D:9      | HP: 1/123 [komodo dragon (16)]
  9394 | D:9      | Mangled by a komodo dragon

Illustrated notes

Levels and vault maps discovered:
D:1:      moated_graveyard_arrival, layout_basic, serial_corexii_hall,
          corexii_hall_statues_x, chequers_hall_statues_y,
          ebering_ecumenical_altar_webs, minmay_misc_feat_iff,
          roderic_malta_cross
D:2:      layout_basic, basic_altar
D:3:      layout_basic, mainiacjoe_overflow_paths,
          nicolae_overflow_ecumenical_swirl, fedhas_altar_3, minmay_ruptured
D:4:      layout_rooms, minmay_temple_entry_arrows, uniq_pikel
D:5:      layout_loops_ring, uniq_edmund, uniq_menkaure, uniq_grinder
D:6:      layout_basic, nzn_wu_jian_contemplation, kennysheep_decorative_pillar,
          nicolae_stop_n_shop_1, uniq_prince_ribbit1
D:7:      layout_loops_ring, nicolae_qazlal_general_emergency, serial_shops,
          shop, uniq_joseph
D:8:      layout_basic, kennysheep_mini, serial_shops, kennysheep_mini_moat
D:9:      layout_irregular_city, general_overflow_altar, old_standard_altar,
          lair_entry_dummy, orc_0_dummy, minmay_lizard_king
Temple:   dshaligram_water_room_temple

Skill      XL: |  1  2  3  4  5  6  7  8  9 10 |
---------------+-------------------------------+-----
Invocations    | 1 2 3 4 5 |  5.9
Short Blades   | 1 2 3 4 5 |  5.4
Long Blades    | 1 2 3 4 5 |  5.4
Maces & Flails | 1 2 3 4 5 |  5.4
Polearms       | 1 2 3 4 5 |  5.4
Staves         | 1 2 3 4 5 |  5.4
Slings         | 1 2 3 4 5 |  5.4
Bows           | 1 2 3 4 5 |  5.4
Crossbows      | 1 2 3 4 5 |  5.4
Throwing       | 1 2 3 4 5 |  5.4
Dodging        | 1 2 3 4 5 |  5.4
Stealth        | 1 2 3 4 5 |  5.4
Unarmed Combat | 1 2 3 4 5 |  5.4
Spellcasting   | 1 2 3 4 5 |  5.4
Evocations     | 1 2 3 4 5 |  5.4
Conjurations   | 1 2 3 4 |  4.4
Hexes          | 1 2 3 4 |  4.4
Summonings     | 1 2 3 4 |  4.4
Necromancy     | 1 2 3 4 |  4.4
Translocations | 1 2 3 4 |  4.4
Transmutations | 1 2 3 4 |  4.4
Fire Magic     | 1 2 3 4 |  4.4
Ice Magic      | 1 2 3 4 |  4.4
Air Magic      | 1 2 3 4 |  4.4
Earth Magic    | 1 2 3 4 |  4.4
Poison Magic   | 1 2 3 4 |  4.4
Axes           | 5 6 7 |  7.1
Fighting       | 7 8 |  8.6
Armour         | 7 8 |  8.6
Shields        | 7 8 |  8.6

Action                   |  1- 3 |  4- 6 |  7- 9 | 10-12 || total
-------------------------+-------+-------+-------+-------++-------
Melee: War axe           |    61 |     5 |       |       ||    66
       Bite              |     3 |     9 |    35 |    27 ||    74
       Spear             |       |   128 |   139 |    45 ||   312
       Broad axe         |       |       |   139 |   109 ||   248
       Whip              |       |       |    42 |    32 ||    74
Throw: Dart              |       |       |     1 |       ||     1
Invok: Heroism           |       |       |       |     1 ||     1
  Use: Scroll            |       |     4 |     5 |     3 ||    12
       Potion            |       |       |     2 |     2 ||     4
Armor: Scale mail        |    25 |    23 |    73 |       ||   121
       Plate armour      |       |       |    56 |   138 ||   194
Dodge: Dodged            |    20 |    34 |    90 |    63 ||   207
Block: Buckler           |    22 |    22 |   105 |    63 ||   212
